Map: 2000 애트모스피어 - 래더

Players

Ryung - Winner!

  • Race: Terran Terran

ByuN

  • Race: Terran Terran

Event: IEM Katowice 2022

VOD

Have the link to the VOD?

Description

Time

  • Played on: Feb. 23, 2022, 8:06 a.m.
  • Length: 19:00

All games in this series

Show
View Real Time Build Order
Export as new Build Order

Ryung Terran - Winner!

Build Orders: Reaper Expand 

Get SALT Encoding   

  12  0:00  SCV  
  13  0:12  SCV  
  14  0:16  Supply Depot  
  14  0:24  SCV  
  15  0:38  SCV  
  15  0:40  Barracks  
  16  0:43  Refinery  
  16  0:50  SCV  
  17  1:02  SCV  
  18  1:14  SCV  
  19  1:27  Reaper, Orbital Command  
  20  1:38  Command Center  
  20  1:50  Supply Depot  
  20  1:53  SCV  
  21  1:58  Marine  
  22  2:05  SCV  
  22  2:07  Factory  
  23  2:12  Refinery  
  23  2:16  Marine  
  23  2:17  SCV  
  25  2:23  Bunker  
  25  2:29  SCV  
  26  2:35  Barracks Reactor  
  26  2:41  SCV  
  29  2:51  Hellion, Orbital Command  
  29  2:53  Starport  
  29  2:54  SCV  
  30  3:06  SCV  
  30  3:10  Refinery  
  30  3:12  Marine  
  31  3:13  Factory Tech Lab, Marine  
  31  3:17  SCV  
  31  3:18  SCV  
  35  3:29  SCV, Starport Tech Lab  
  35  3:30  SCV  
  35  3:31  Supply Depot  
  35  3:32  Cyclone  
  40  3:34  Marine  
  40  3:36  Marine  
  40  3:41  SCV  
  43  3:42  SCV  
  43  3:48  Raven  
  44  3:53  SCV  
  44  3:54  Supply Depot  
  44  3:55  SCV  
  48  3:56  Marine x2  
  50  4:06  SCV  
  50  4:07  Supply Depot, SCV  
  52  4:15  Siege Tank  
  55  4:22  SCV x2  
  57  4:28  Command Center  
  57  4:31  Raven  
  57  4:34  SCV  
  57  4:35  SCV  
  57  4:36  Marine x2  
  63  4:40  Supply Depot  
  63  4:47  Siege Tank  
  63  4:48  SCV  
  63  4:49  Refinery  
  63  4:52  SCV  
  68  4:55  Marine x2  
  70  5:00  Supply Depot  
  70  5:01  SCV  
  70  5:03  Supply Depot  
  70  5:04  SCV  
  72  5:14  SCV  
  73  5:15  Barracks  
  73  5:16  Barracks, SCV  
  74  5:23  Siege Tank  
  74  5:27  Stimpack  
  77  5:29  Viking  
  77  5:30  Viking  
  77  5:32  SCV  
  77  5:34  SCV  
  83  5:42  Engineering Bay  
  83  5:43  Engineering Bay  
  83  5:44  Orbital Command  
  83  5:49  SCV x2  
  85  5:55  Siege Tank  
  88  5:59  Viking  
  88  6:01  Viking  
  92  6:04  Orbital Command  
  92  6:09  Barracks Reactor x2  
  92  6:11  SCV x2  
  93  6:17  Supply Depot  
  93  6:18  Supply Depot  
  93  6:19  Missile Turret  
  93  6:21  Marine  
  93  6:23  Terran Infantry Weapons Level 1, Terran Infantry Armor Level 1  
  93  6:24  SCV x2  
  96  6:30  SCV  
  95  6:36  SCV x2  
  95  6:38  Viking  
  95  6:39  Marine  
  99  6:40  Sensor Tower  
  99  6:43  SCV  
  99  6:44  Viking  
  103  6:48  SCV x2  
  103  6:51  Marine x4  
  103  6:53  Supply Depot  
  109  6:55  Supply Depot, SCV  
  109  6:57  Marine  
  109  6:58  Siege Tank  
  109  7:00  SCV x2  
  115  7:04  Refinery  
  115  7:05  Refinery  
  113  7:09  SCV  
  113  7:12  SCV x2  
  113  7:18  Marine x2  
  113  7:21  SCV  
  113  7:22  Marine x3  
  106  7:24  SCV x2  
  106  7:27  Viking  
  106  7:29  Viking  
  106  7:30  Siege Tank  
  106  7:33  SCV  
  106  7:36  SCV  
  108  7:42  Combat Shield  
  108  7:43  SCV  
  109  7:46  SCV  
  109  7:47  Marine x3  
  109  7:49  Marine  
  109  7:51  Marine  
  114  7:57  Supply Depot  
  114  7:59  SCV  
  114  8:00  Armory  
  114  8:02  Medivac  
  114  8:03  Medivac  
  119  8:08  SCV x2  
  119  8:09  Marine x3  
  119  8:10  Marine  
  119  8:11  SCV, Marine  
  127  8:17  Siege Tank  
  130  8:22  SCV x2  
  130  8:23  SCV  
  133  8:28  Command Center  
  133  8:31  Marine x2  
  133  8:32  Marine x3  
  138  8:36  SCV  
  138  8:37  SCV x2  
  138  8:41  Medivac x2  
  145  8:47  Terran Infantry Weapons Level 2  
  145  8:49  Barracks  
  145  8:51  Barracks  
  145  8:54  Terran Infantry Armor Level 2  
  145  8:55  Terran Vehicle Weapons Level 1  
  140  8:56  Marine  
  140  8:58  Marine  
  140  8:59  Marine x3  
  145  9:03  Siege Tank  
  148  9:11  Supply Depot  
  148  9:14  Supply Depot  
  148  9:24  Factory  
  148  9:25  Barracks Reactor, Missile Turret  
  148  9:26  Missile Turret  
  148  9:27  Marine  
  149  9:33  Marine x3  
  149  9:34  Starport  
  149  9:35  Starport  
  149  9:37  Siege Tank  
  155  9:42  Missile Turret  
  155  9:43  Missile Turret  
  155  9:48  Barracks Reactor, Viking x2  
  155  9:49  Barracks Reactor  
  155  9:52  SCV x3  
  162  9:55  Refinery  
  162  9:57  Marine x3  
  164  10:08  Missile Turret x2, Planetary Fortress  
  164  10:11  Siege Tank  
  164  10:14  SCV  
  168  10:15  SCV  
  168  10:16  Refinery  
  168  10:17  SCV  
  166  10:33  Marine  
  166  10:34  Marine x3  
  166  10:35  Marine x3, Siege Tank  
  173  10:38  SCV  
  173  10:39  SCV x2  
  173  10:41  Starport Tech Lab x2  
  173  10:42  Viking  
  179  10:47  Supply Depot  
  179  10:48  Viking  
  181  10:59  Marine x2  
  183  11:04  Siege Tank  
  183  11:06  Marine x2, Sensor Tower  
  183  11:07  Siege Tank  
  183  11:08  Raven x2  
  183  11:11  Terran Vehicle Weapons Level 2  
  192  11:14  Marine x4  
  196  11:28  Armory  
  194  11:49  Terran Infantry Armor Level 3, Terran Infantry Weapons Level 3  
  194  11:55  Raven  
  196  12:02  Command Center  
  196  12:03  Command Center  
  196  12:16  Raven, Marine x3  
  196  12:21  Viking  
  196  12:22  Viking  
  191  12:24  Refinery  
  191  12:26  Siege Tank  
  194  12:33  Missile Turret  
  194  12:34  Missile Turret x3  
  194  12:35  Terran Vehicle And Ship Armor Level 1  
  194  12:40  Starport  
  194  12:42  Starport  
  194  12:50  Missile Turret  
  194  12:55  Corvid Reactor  
  194  13:14  Siege Tank x2  
  198  13:22  Orbital Command  
  198  13:25  Starport Tech Lab, Starport Reactor  
  198  13:27  Factory  
  172  13:41  Marine  
  172  13:42  Marine  
  172  13:43  Marine  
  172  13:45  Marine x3  
  172  13:46  Marine x2, Siege Tank x2  
  183  13:49  Raven x3  
  183  13:50  Viking x2  
  183  13:54  Marine x2  
  193  13:59  Marine  
  193  14:00  Marine  
  193  14:01  Marine  
  193  14:02  Marine  
  193  14:03  Marine  
  193  14:05  Marine x2  
  188  14:11  Marine  
  188  14:12  Marine x2  
  191  14:17  Marine  
  191  14:18  Marine, Siege Tank x2  
  191  14:22  Viking  
  191  14:23  Viking  
  191  14:24  Marine  
  196  14:25  Marine  
  196  14:26  Marine  
  196  14:27  Marine x2  
  196  14:28  Marine  
  196  14:29  Marine  
  200  14:39  Command Center x2  
  200  14:50  Marine  
  199  14:55  Siege Tank  
  200  15:03  Terran Vehicle Weapons Level 3, Terran Vehicle And Ship Armor Level 2  
  200  15:05  Orbital Command  
  200  15:28  Marine x3, Siege Tank x2  
  186  15:29  Marine x2  
  186  15:31  Marine x3  
  175  15:36  Viking x2, Raven x3  
  175  15:37  Viking  
  175  15:41  Marine  
  185  15:43  SCV x2  
  185  15:44  SCV  
  185  15:47  Marine x3  
  185  15:48  Marine x3  
  185  15:49  Marine x3  
  191  15:52  SCV  
  191  15:55  SCV, Orbital Command  
  191  15:56  SCV  
  194  15:59  Marine  
  194  16:00  Siege Tank  
  195  16:04  SCV  
  195  16:05  SCV, Marine x3  
  198  16:20  SCV x2  
  200  16:44  Neosteel Armor, Hi-Sec Auto Tracking  
  198  16:54  Raven  
  195  17:08  Siege Tank  
  198  17:20  Raven x2  
  197  17:23  Refinery x2  
  197  17:27  Marine  
  197  17:28  Marine, Command Center  
  195  17:31  Command Center  
  184  17:37  Raven  
  184  17:44  Siege Tank  
  180  17:47  Marine x4  
  159  18:02  Raven  
  159  18:03  Viking, Raven  
  159  18:04  Viking, Marine x4  
  159  18:05  Marine x6  
  172  18:07  Siege Tank  
  163  18:16  Refinery  
  161  18:22  Marine x6  
  161  18:23  Marine x4  
  161  18:26  Viking  
  172  18:40  Marine x9  
  172  18:41  Marine  
Show
View Real Time Build Order
Export as new Build Order

ByuN Terran 

Build Orders: Gas First Reaper Expand, Hellion Opening 

Get SALT Encoding   

  12  0:00  SCV  
  13  0:12  SCV  
  14  0:17  Supply Depot  
  14  0:24  SCV  
  14  0:27  Refinery  
  15  0:38  SCV  
  16  0:44  Barracks  
  16  0:50  SCV  
  17  1:02  SCV  
  18  1:14  SCV  
  19  1:30  Reaper, Orbital Command  
  19  1:32  Supply Depot  
  20  1:48  Command Center  
  20  1:59  Factory  
  20  2:03  SCV  
  20  2:05  Barracks Reactor  
  21  2:10  Refinery  
  21  2:15  SCV  
  22  2:27  SCV  
  23  2:39  SCV  
  23  2:43  Starport  
  24  2:48  Barracks Tech Lab  
  24  2:49  Hellion x2  
  28  2:51  SCV  
  29  2:59  Orbital Command  
  29  3:03  SCV  
  30  3:11  Hellion x2  
  34  3:15  SCV  
  34  3:18  Orbital Command  
  35  3:24  Supply Depot  
  35  3:26  Raven  
  37  3:27  SCV  
  37  3:32  Hellion  
  37  3:33  Hellion  
  42  3:36  Barracks Tech Lab  
  43  3:43  SCV  
  43  3:44  SCV  
  44  3:50  Refinery  
  44  3:53  Supply Depot  
  44  3:55  SCV  
  44  3:56  SCV  
  44  4:02  Marine x2, Siege Tank  
  51  4:08  SCV x2  
  53  4:20  SCV x2  
  53  4:21  Raven  
  53  4:23  Supply Depot  
  57  4:26  Marine  
  57  4:27  Marine  
  59  4:32  SCV  
  59  4:33  SCV  
  59  4:37  Supply Depot  
  61  4:45  Siege Tank  
  66  4:47  Supply Depot  
  66  4:48  Supply Depot, SCV x2  
  66  4:49  Marine x2  
  68  5:00  SCV x2  
  68  5:03  Raven  
  68  5:06  Command Center  
  72  5:11  Marine x2  
  72  5:12  SCV x2  
  76  5:17  Supply Depot  
  76  5:19  Siege Tank  
  79  5:24  SCV x2  
  79  5:27  Refinery  
  81  5:33  Marine  
  81  5:34  Marine  
  83  5:36  SCV x2  
  83  5:38  Barracks  
  83  5:42  Barracks  
  85  5:46  Supply Depot  
  85  5:48  SCV  
  86  5:50  SCV  
  86  5:53  Siege Tank  
  90  5:57  Viking  
  90  5:58  Viking  
  90  6:00  SCV, Marine  
  90  6:01  Stimpack  
  97  6:04  SCV  
  97  6:14  SCV  
  97  6:16  SCV, Engineering Bay  
  97  6:17  Marine  
  100  6:18  Engineering Bay  
  100  6:26  SCV  
  100  6:28  SCV  
  100  6:29  Viking x2  
  106  6:33  Siege Tank  
  106  6:36  Barracks Reactor x2  
  106  6:38  SCV  
  110  6:40  SCV  
  111  6:49  Terran Infantry Weapons Level 1  
  111  6:50  SCV  
  111  6:52  SCV  
  111  6:53  Orbital Command  
  113  6:54  Marine  
  113  6:59  Terran Infantry Armor Level 1  
  114  7:05  SCV x2  
  116  7:10  Barracks  
  116  7:12  Barracks, Marine  
  116  7:14  Marine  
  116  7:15  Marine  
  117  7:17  SCV  
  117  7:18  Siege Tank  
  117  7:19  SCV x2, Marine  
  116  7:26  Marine  
  116  7:29  SCV  
  113  7:30  Marine  
  113  7:31  SCV x2  
  113  7:32  Medivac x2  
  113  7:36  Refinery  
  116  7:37  Refinery  
  116  7:41  SCV  
  116  7:43  SCV x2, Combat Shield  
  116  7:44  Marine x2, Sensor Tower  
  120  7:48  Marine x2  
  123  7:53  SCV  
  123  7:55  SCV x2  
  125  8:00  Barracks Reactor x2  
  124  8:05  SCV  
  124  8:07  SCV  
  124  8:11  Armory  
  125  8:12  Supply Depot  
  125  8:24  Supply Depot, Viking, Marine x5  
  125  8:25  Supply Depot  
  132  8:33  Command Center  
  132  8:34  Siege Tank  
  132  8:35  Marine x2  
  132  8:36  Supply Depot  
  132  8:38  SCV x2  
  132  8:39  Factory  
  139  8:42  Marine x5  
  139  8:43  Marine x2  
  139  8:44  Supply Depot  
  139  8:46  Supply Depot  
  146  8:53  Marine x2  
  142  8:58  Viking  
  142  8:59  Marine x2  
  142  9:00  Terran Infantry Armor Level 2, Marine x3  
  142  9:01  Marine  
  149  9:06  Terran Infantry Weapons Level 2, Siege Tank  
  152  9:11  Marine x2  
  153  9:17  Marine x2  
  153  9:18  Marine  
  153  9:20  Barracks Reactor  
  153  9:21  Marine  
  153  9:22  Marine x2  
  159  9:26  Medivac  
  159  9:28  Medivac  
  159  9:29  Marine x2  
  165  9:34  SCV x2  
  165  9:35  Marine x2  
  165  9:36  Marine  
  170  9:39  Marine x3  
  170  9:45  Siege Tank x2  
  180  9:46  Planetary Fortress  
  180  9:47  Marine  
  180  9:48  Missile Turret  
  180  9:54  Terran Vehicle Weapons Level 1  
  180  9:58  Marine x2  
  180  9:59  Marine x6  
  187  10:00  Marine  
  187  10:01  Viking x2  
  193  10:17  Siege Tank x2  
  190  10:38  Viking x2  
  194  10:46  Command Center  
  194  10:49  SCV x3, Siege Tank, Command Center  
  200  10:50  Refinery  
  200  10:51  Refinery  
  200  11:21  Command Center  
  200  11:24  Command Center x2  
  200  11:25  Terran Infantry Armor Level 3, Terran Infantry Weapons Level 3  
  200  11:33  Starport  
  200  11:34  Starport  
  200  11:44  Siege Tank  
  200  11:46  Siege Tank  
  199  11:49  Marine, Terran Vehicle Weapons Level 2  
  199  11:50  Armory  
  200  11:59  Orbital Command  
  199  12:03  Command Center  
  199  12:11  Starport Tech Lab x2, Sensor Tower  
  199  12:14  Starport  
  199  12:19  Starport  
  185  12:25  Planetary Fortress  
  185  12:32  Viking x2  
  189  12:37  Refinery  
  189  12:39  Refinery  
  189  12:44  Missile Turret  
  189  12:45  Siege Tank x2  
  189  12:48  Terran Vehicle And Ship Armor Level 1  
  189  12:49  Corvid Reactor  
  189  12:50  Marine, Starport Reactor  
  196  12:52  Orbital Command  
  196  12:53  Missile Turret, Orbital Command  
  196  12:58  Missile Turret  
  196  13:01  Missile Turret  
  196  13:02  Viking  
  196  13:03  Missile Turret, Viking  
  197  13:07  Raven x2  
  191  13:21  Orbital Command  
  191  13:24  Command Center  
  191  13:26  Missile Turret  
  191  13:27  Missile Turret  
  191  13:34  Missile Turret  
  191  13:37  Siege Tank x2  
  195  13:43  Orbital Command  
  195  13:47  Viking  
  188  13:50  Raven x2  
  191  14:00  Viking x2  
  195  14:03  Viking  
  195  14:09  Starport Tech Lab, Siege Tank  
  193  14:23  Siege Tank  
  183  14:25  Marine x10  
  191  14:32  Raven x2  
  195  14:40  Medivac x2  
  195  14:42  Marine  
  200  14:45  Command Center  
  198  14:54  Viking x2  
  200  15:12  Siege Tank x2  
  194  15:15  Raven  
  194  15:27  Marine x10  
  147  15:44  Siege Tank  
  147  15:45  Marine x10, Siege Tank  
  159  15:57  Raven  
  159  16:03  Marine x4  
  161  16:09  Viking  
  159  16:15  Raven  
  159  16:16  Raven  
  159  16:17  Siege Tank x2  
  169  16:22  Orbital Command  
  163  16:31  Viking  
  165  16:40  Planetary Fortress, Raven  
  167  16:48  Viking x2  
  167  16:49  Siege Tank  
  167  16:51  Marine  
  173  16:58  Viking x2  
  177  17:04  Viking  
  177  17:06  Marine x3  
  174  17:16  Viking, Marine  
  174  17:17  Marine  
  174  17:18  Viking  
  174  17:22  Marine x2  
  162  17:25  Marine x2  
  162  17:27  Viking  
  163  17:34  Viking  
  161  17:37  Viking  
  159  17:47  Siege Tank  
  159  17:48  Siege Tank  
  155  17:51  Raven  
  155  17:54  Marine  
  145  17:59  Viking x2  
  145  18:03  Marine  
  137  18:08  Marine x5  
  128  18:15  Marine x2  
  125  18:20  Marine  
  125  18:21  Marine x2  
  125  18:26  Marine x3  
  131  18:31  Marine x2  
  131  18:33  Marine x2  
  125  18:38  Marine x2  
  125  18:39  Marine  

Tags
 
Add a new tag
Caveats
  • Supply blocks, unpowered buildings, or Contaminate may cause inaccurate times.
  • Supply counts are checked every 10 seconds.